 Dungeon Crawl Stone Soup version 0.29-a0-321-gf1c400731a (webtiles) character file.

Game seed: 7472539002077795218

27 Flugslaktarn the Vexing (level 2, 14/23 HPs)
             Began as a Palentonga Enchanter on Apr 2, 2022.
             Was a High Priest of Ignis.
             Quit the game on level 2 of the Dungeon.
             The game lasted 00:03:09 (603 turns).

Flugslaktarn the Vexing (Palentonga Enchanter)       Turns: 603, Time: 00:03:10

Health: 14/23      AC:  4    Str: 11    XL:     2   Next: 93%
Magic:  5/5        EV:  9    Int: 15    God:    Ignis [*****.]
Gold:   61         SH:  0    Dex: 10    Spells: 3/5 levels left

rFire   + . .      SeeInvis +   a - +1 dagger
rCold   . . .      Faith    .   (no shield)
rNeg    . . .      Spirit   .   b - +0 robe
rPois   .          Reflect  .   (no helmet)
rElec   .          Harm     .   (no cloak)
rCorr   .          Rampage  .   (no gloves)
Will    .....                   (no barding)
Stlth   ++........              (no amulet)
HPRegen 0.07/turn               (no ring)
MPRegen 0.09/turn               (no ring)

@: no status effects
A: large, rugged brown scales 3, see invisible, deformed body, roll 1, armoured
tail
a: Rolling Charge, Renounce Religion, Fiery Armour, Foxfire Swarm, Rising Flame


You were on level 2 of the Dungeon.
You worshipped Ignis.
Ignis was extremely pleased with you.
You visited 1 branch of the dungeon, and saw 2 of its levels.

You collected 61 gold pieces.

Inventory:

Hand Weapons
 a - a +1 dagger (weapon)
Armour
 b - a +0 robe (worn)
Scrolls
 e - 2 scrolls of identify {unknown}
 g - a scroll of blinking {unknown}
Potions
 c - 2 potions of invisibility
 d - 2 potions of lignification {unknown}
 f - a potion of heal wounds {unknown}
 h - a potion of degeneration {unknown}
 i - a potion of curing {unknown}


   Skills:
 - Level 2.0 Fighting
 + Level 1.3 Short Blades
 - Level 1.5 Dodging
 - Level 2.0 Stealth
 - Level 2.0 Spellcasting
 - Level 3.0 Hexes
 - Level 1.0 Ice Magic


You had 3 spell levels left.
You knew the following spells:

 Your Spells              Type           Power      Damage    Failure   Level
a - Ensorcelled Hibernat  Hex/Ice        14%        N/A       14%         2

Your spell library contained the following spells:

 Spells                   Type           Power      Damage    Failure   Level
 Confusing Touch          Hex            10%        N/A       19%         3
 Tukima's Dance           Hex            10%        N/A       19%         3
 Dazzling Flash           Conj/Hex       12%        N/A       34%         3


Dungeon Overview and Level Annotations

Branches:
Dungeon (2/15)

Altars:
Ignis


Innate Abilities, Weirdness & Mutations

You are completely covered in rugged brown scales. (AC +3, +7% HP)
You have supernaturally acute eyesight. (SInv)
Armour fits poorly on your strangely shaped body.
You can roll at nearby foes to attack.
You have a long armoured tail.


Message History

You hit the quokka.
The quokka is heavily wounded.
The quokka bites you.
You barely miss the quokka.
The quokka is heavily wounded.
The quokka bites you.
You miss the quokka.
The quokka is heavily wounded.
The quokka bites you.
You hit the quokka.
The quokka is almost dead.
The quokka misses you.
You hit the quokka but do no damage.
The quokka is almost dead.
The quokka completely misses you.
You closely miss the quokka.
Your tail-slap misses the quokka.
The quokka is almost dead.
The quokka bites you but does no damage.
The quokka bites you.
You completely miss the quokka.
The quokka is almost dead.
The quokka barely misses you.
You barely miss the quokka.
The quokka is almost dead.
The quokka bites you but does no damage.
You hit the quokka.
You kill the quokka!
You now have 61 gold pieces (gained 10).
Really walk into that teleport trap?
You enter a teleport trap!
The teleport trap disappears.
Your surroundings suddenly seem different.
Unknown command.
You see here a +0 dagger.
There is a stone staircase leading down here.
You climb downwards.
There is a stone staircase leading up here.
Casting: Ensorcelled Hibernation (safe; 14% risk of failure)
Confirm with . or Enter, or press ? or * to list all spells.
Aiming: Ensorcelled Hibernation (safe; 14% risk of failure)
Press: ? - help, Shift-Dir - straight line, f - worm
Aim: a worm (chance to affect: 50%)
The worm resists with some effort.
There is a stone staircase leading up here.
Casting: Ensorcelled Hibernation (safe; 14% risk of failure)
Confirm with . or Enter, or press ? or * to list all spells.
Aiming: Ensorcelled Hibernation (safe; 14% risk of failure)
Press: ? - help, Shift-Dir - straight line, f/p - worm
Aim: a worm (chance to affect: 50%)
The worm resists with some effort.
The worm bites you!
* * * LOW HITPOINT WARNING * * *
A ball python comes into view.
Found a fuming cyan potion.
A ball python comes into view.
Found a scroll labelled KYVVAL YDOKHLOD.
You closely miss the ball python. The ball python bites you.
* * * LOW HITPOINT WARNING * * *
You hit the ball python. You tail-slap the ball python.
You kill the ball python!
Found a stone staircase leading up.
There is a stone staircase leading up here.
You climb upwards.
There is a stone staircase leading down here.
You see here a frilled lizard corpse.
The frilled lizard hisses angrily.
Casting: Ensorcelled Hibernation (safe; 14% risk of failure)
Confirm with . or Enter, or press ? or * to list all spells.
Aiming: Ensorcelled Hibernation (safe; 14% risk of failure)
Press: ? - help, Shift-Dir - straight line, f - frilled lizard
Aim: a frilled lizard (chance to affect: 58%)
The frilled lizard looks drowsy...
The helpless frilled lizard fails to defend itself.
You puncture the frilled lizard!
You kill the frilled lizard!
A ball python comes into view.
Found a dark potion.
The helpless ball python fails to defend itself.
You puncture the ball python!
You kill the ball python!
You see here a ball python corpse.
h - a dark potion
Things that are here:
3 stones; a +0 short sword; a kobold corpse
There is a stone staircase leading down here.
You climb downwards.
There is a stone staircase leading up here.
Found 3 poisoned darts and a fuming cyan potion.
Found a faded altar of an unknown god.
Found a mace.
You see here 3 poisoned darts.
i - a fuming cyan potion You see here 3 poisoned darts.
An endoplasm comes into view.
There is a faded altar of an unknown god here.
You cannot tell which god this altar belongs to.
Convert to them anyway? [Y]es or [N]o only, please.
You cannot tell which god this altar belongs to.
Convert to them anyway?
Ignis accepts your prayer! Ignis welcomes you!
Are you sure you want to abandon this character and quit the game? (Confirm with "yes".)

.? .. . # ##.. .
#... ##. ...###...#
###..#...#.# #...#
.8..# #
#######.####).8J#
####
#....#..#⌠#@#..
...###......#...#∩#
##.........##(8..##
####<....###..8.⌠#
#.....##.#...##
##........###.#
#....##.. ...
#....#### ####
######


You could see an endoplasm (wandering).

Vanquished Creatures
  4 ball pythons
  5 endoplasms (D:1)
  A giant cockroach (D:1)
  4 goblins (D:1)
  A hobgoblin (D:1)
  2 kobolds (D:1)
  A quokka (D:1)
  A bat (D:1)
  4 frilled lizards (D:1)
23 creatures vanquished.

Notes
Turn   | Place    | Note
-------+----------+-------------------------------------------
     0 | D:1      | Flugslaktarn the Palentonga Enchanter began the quest for
                  | the Orb.
     0 | D:1      | Reached XP level 1. HP: 13/13 MP: 3/3
    95 | D:1      | Reached skill level 1 in Fighting
   148 | D:1      | Reached XP level 2. HP: 12/23 MP: 5/5
   161 | D:1      | Learned a level 2 spell: Ensorcelled Hibernation
   413 | D:1      | Reached skill level 1 in Ice Magic
   594 | D:2      | Found a faded altar of an unknown god.
   602 | D:2      | Prayed at the altar of an unknown god.
   602 | D:2      | Became a worshipper of Ignis, the Dying Flame
   603 | D:2      | Quit the game

Illustrated notes

Levels and vault maps discovered:
D:1:      dpeg_arrival_short_road, layout_loops_ring
D:2:      layout_rooms, shapermc_ecumenical_altar_venn,
          kennysheep_generic_room_15

Skill      XL: |  1  2 |
---------------+-------+-----
Fighting       | 1 2 |  2.0
Ice Magic      | 1 |  1.0
Short Blades   | |  1.3
Dodging        | |  1.5
Stealth        | |  2.0
Spellcasting   | |  2.0
Hexes          | |  3.0

Action                   || total
-------------------------++-------
Melee: Dagger            ||    79
       Tailslap          ||     5
 Cast: Ensorcelled Hiber ||    12
 Abil: Rolling Charge    ||     2
 Stab: Sleeping          ||     7
Armor: Robe              ||    41
Dodge: Dodged            ||    43

Table legend: (Time is in decaauts)
 A = Elapsed time spent in this place.
 B = Non-inter-level travel time spent in this place.
 C = Inter-level travel time spent in this place.
 D = Time resting spent in this place.
 E = Time spent auto-exploring this place.
 F = Levels seen in this place.
 G = Mean time per level.
                   A        B        C        D        E       F      G
               +--------+--------+--------+--------+--------+-----+--------+
         Total |    600 |    581 |     19 |      0 |      0 |   2 |  300.0 |
       Dungeon |    600 |    581 |     19 |      0 |      0 |   2 |  300.0 |
               +--------+--------+--------+--------+--------+-----+--------+

Top non-repeatable levels by time:
     D:1: 534 daAuts
     D:2: 66 daAuts
